 Dungeon Crawl Stone Soup version 0.22-a0-280-g69bf1f3 (webtiles) character file.

91 tsouns the Insei (level 4, -7/34 HPs)
             Began as a Gnoll Transmuter on Mar 16, 2018.
             Killed by divine providence
             ... invoked by an orc priest
              (12 damage)
             ... on level 3 of the Dungeon.
             The game lasted 00:05:05 (1622 turns).

tsouns the Insei (Gnoll Transmuter)                 Turns: 1622, Time: 00:05:05

Health: -7/34      AC:  2    Str: 12    XL:     4   Next: 59%
Magic:  0/11       EV: 23    Int: 17    God:
Gold:   116        SH:  0    Dex: 20    Spells: 7/13 levels left

rFire    . . .     SeeInvis .     - Unarmed
rCold    . . .     Gourm    .   (shield currently unavailable)
rNeg     . . .     Faith    .   (armour currently unavailable)
rPois    x         Spirit   +   (helmet currently unavailable)
rElec    .         Reflect  .   (cloak currently unavailable)
rCorr    .         Harm     .   (gloves currently unavailable)
MR       .....                  (boots currently unavailable)
Stlth    +++.......             q - amulet of guardian spirit
HPRegen  0.11/turn              j - ring of stealth
MPRegen  0.12/turn              (no ring)

@: spider-form
A: tiny, distributed training, strong nose
a: End Transformation


You were on level 3 of the Dungeon.
You were not hungry.
You were a venomous arachnid creature.
You visited 1 branch of the dungeon, and saw 3 of its levels.

You collected 116 gold pieces.

Inventory:

Hand Weapons
 l - a +1 hand axe
 o - a +0 club
Missiles
 a - 12 arrows
 e - 17 bolts
 m - 29 sling bullets
Armour
 b - a +1 robe (melded)
Jewellery
 j - a ring of stealth (left front leg)
 q - an amulet of guardian spirit (around neck)
Scrolls
 f - 2 scrolls of identify
 i - 4 scrolls of remove curse
 k - a scroll of blinking
Potions
 c - a potion of degeneration
 g - a potion of flight
 p - a potion of mutation
 s - 2 potions of curing
 v - a potion of haste
Comestibles
 d - 4 rations
 h - 5 chunks of flesh


   Skills:
 + Level 2.7 Fighting
 + Level 1.1 Short Blades
 + Level 1.1 Long Blades
 + Level 1.1 Axes
 + Level 1.1 Maces & Flails
 + Level 1.1 Polearms
 + Level 1.1 Staves
 + Level 1.1 Slings
 + Level 1.1 Bows
 + Level 1.1 Crossbows
 + Level 1.1 Throwing
 + Level 1.1 Armour
 + Level 4.6 Dodging
 + Level 1.1 Stealth
 + Level 1.1 Shields
 + Level 6.6 Unarmed Combat
 + Level 5.1 Spellcasting
 + Level 0.9 Conjurations
 + Level 0.9 Hexes
 + Level 0.9 Charms
 + Level 0.9 Summonings
 + Level 0.9 Necromancy
 + Level 0.9 Translocations
 + Level 3.8 Transmutations
 + Level 0.9 Fire Magic
 + Level 0.9 Ice Magic
 + Level 0.9 Air Magic
 + Level 0.9 Earth Magic
 + Level 0.9 Poison Magic
 + Level 1.2 Invocations
 + Level 1.1 Evocations


You had 7 spell levels left.
You knew the following spells:

 Your Spells              Type           Power        Failure   Level  Hunger
a - Beastly Appendage     Tmut           ###...       11%         1    None
b - Sticks to Snakes      Tmut           ###.....     13%         2    #......
c - Spider Form           Tmut/Pois      ##........   34%         3    ###....


Dungeon Overview and Level Annotations

Branches:
Dungeon (3/15)

Altars:
Fedhas


Innate Abilities, Weirdness & Mutations

Your experience applies equally to all skills.
((You have very sharp teeth.))
Your uncanny sense of smell can sniff out nearby items.


Message History

You kill the orc!
You hit the orc.
The orc is poisoned.
The orc is moderately wounded.
The orc hits you with a war axe!
You bite the orc!
You kill the orc!
The orc completely misses you.
An orc priest comes into view. It is wielding a flail.
Items here: )) [[[ † The orc priest shouts!
You bite the orc!
You kill the orc!
The orc priest mumbles some strange prayers to Beogh against you.
Beogh smites you!
* * * LOW HITPOINT WARNING * * *
Things that are here:
a flail; an orc corpse The orc priest mumbles some strange prayers to Beogh against you.
Beogh smites you!
You die...

####............
##.........###
#.........##
#.........#
##########..)......#
#.....#..............?
#.....#.##.........####
#.....#)###.....####
#....os)....#####
#..[...###### #.....##
#..... #..... ######


You could see an orc priest.

Vanquished Creatures
  An orc wizard (D:3)
  An adder (D:2)
  An ooze (D:3)
  A worm (D:3)
  A dart slug (D:2)
  3 leopard geckos
  3 orcs (D:3)
  5 bats
  9 goblins
  3 hobgoblins
  3 quokkas
  A ball python (D:1)
  8 rats
40 creatures vanquished.

Notes
Turn   | Place    | Note
-------+----------+-------------------------------------------
     0 | D:1      | tsouns the Gnoll Transmuter began the quest for the Orb.
     0 | D:1      | Reached XP level 1. HP: 17/17 MP: 6/6
   250 | D:1      | Reached XP level 2. HP: 19/23 MP: 7/7
   254 | D:1      | Learned a level 2 spell: Sticks to Snakes
   998 | D:2      | Reached XP level 3. HP: 28/28 MP: 9/9
  1018 | D:2      | Found a blossoming altar of Fedhas.
  1115 | D:2      | Reached skill level 5 in Spellcasting
  1191 | D:2      | Learned a level 3 spell: Spider Form
  1250 | D:2      | Reached skill level 1 in Invocations
  1574 | D:3      | Reached skill level 1 in Short Blades
  1574 | D:3      | Reached skill level 1 in Long Blades
  1574 | D:3      | Reached skill level 1 in Axes
  1574 | D:3      | Reached skill level 1 in Maces & Flails
  1574 | D:3      | Reached skill level 1 in Polearms
  1574 | D:3      | Reached skill level 1 in Staves
  1574 | D:3      | Reached skill level 1 in Slings
  1574 | D:3      | Reached skill level 1 in Bows
  1574 | D:3      | Reached skill level 1 in Crossbows
  1574 | D:3      | Reached skill level 1 in Throwing
  1574 | D:3      | Reached skill level 1 in Armour
  1574 | D:3      | Reached skill level 1 in Stealth
  1574 | D:3      | Reached skill level 1 in Shields
  1574 | D:3      | Reached skill level 1 in Evocations
  1613 | D:3      | Reached XP level 4. HP: 23/34 MP: 7/11
  1622 | D:3      | Killed from afar by an orc priest

Vault maps used:
D:1:      giann_wishing_wells, minmay_pentomino_t2
D:2:      fedhas_altar_3
D:3:      first_ration, xom_teletrap_fun

Skill      XL: |  1  2  3 |
---------------+----------+-----
Spellcasting   | 5 |  5.1
Invocations    | 1 |  1.2
Short Blades   | 1 |  1.1
Long Blades    | 1 |  1.1
Axes           | 1 |  1.1
Maces & Flails | 1 |  1.1
Polearms       | 1 |  1.1
Staves         | 1 |  1.1
Slings         | 1 |  1.1
Bows           | 1 |  1.1
Crossbows      | 1 |  1.1
Throwing       | 1 |  1.1
Armour         | 1 |  1.1
Stealth        | 1 |  1.1
Shields        | 1 |  1.1
Evocations     | 1 |  1.1
Fighting       | |  2.7
Dodging        | |  4.6
Unarmed Combat | |  6.6
Conjurations   | |  0.9
Hexes          | |  0.9
Charms         | |  0.9
Summonings     | |  0.9
Necromancy     | |  0.9
Translocations | |  0.9
Transmutations | |  3.8
Fire Magic     | |  0.9
Ice Magic      | |  0.9
Air Magic      | |  0.9
Earth Magic    | |  0.9
Poison Magic   | |  0.9

Action                   |  1- 3 |  4- 6 || total
-------------------------+-------+-------++-------
Melee: Unarmed           |    84 |     5 ||    89
       Bite              |     3 |       ||     3
       Punch             |     2 |       ||     2
 Cast: Spider Form       |     1 |     1 ||     2
  Use: Scroll            |    11 |       ||    11
 Stab: Sleeping          |     6 |       ||     6
  Eat: Chunk             |     2 |       ||     2
Armor: Robe              |     9 |       ||     9
Dodge: Dodged            |    66 |     1 ||    67

Table legend:
 A = Spawn XP
 B = Non-spawn XP
 C = Spawn XP percentage of total XP
 D = Spawn monster count
 E = Non-spawn monster count
 F = Spawn count percentage of total count
 G = Total turns spent on level
                    A         B        C        D         E        F      G
               +---------+---------+-------+---------+---------+-------+---------
         Total |       0 |     131 |   0.0 |       0 |      40 |   0.0 |  1622
               +---------+---------+-------+---------+---------+-------+---------
           D:1 |       0 |      18 |   0.0 |       0 |      12 |   0.0 |   856
           D:2 |       0 |      43 |   0.0 |       0 |      16 |   0.0 |   660
           D:3 |       0 |      70 |   0.0 |       0 |      12 |   0.0 |   106
               +---------+---------+-------+---------+---------+-------+---------
